 Dungeon Crawl Stone Soup version 0.30.0-29-ga12c61a403 (webtiles) character file.

Game seed: 6118089493511407287

17014 DemonSlayer the Thaumaturge (level 12, -3/80 HPs)
             Began as a Demonspawn Earth Elementalist on June 13, 2023.
             Was a High Priest of Dithmenos.
             Slain by a polar bear (5 damage)
             ... on level 3 of the Lair of Beasts on June 15, 2023.
             The game lasted 00:33:38 (12239 turns).

DemonSlayer the Thaumaturge (DsEE)                 Turns: 12239, Time: 00:33:40

Health: -3/80      AC:  9    Str: 12    XL:     12   Next: 15%
Magic:  0/40       EV: 14    Int: 19    God:    Dithmenos [*****.]
Gold:   740        SH:  8    Dex: 15    Spells: 17/31 levels left

rFire   . . .        k - +4 dagger (chaos)
rCold   + . .        (no shield)
rNeg    . . .        J - +0 robe of Liurual {rPois Str+2}
rPois   +            e - +0 helmet
rElec   .            c - +0 cloak
rCorr   .            r - +0 pair of gloves
SInv    .            (no boots)
Will    .....        y
                       - Hermit's Pendant {Faith Invo=14 Evo=0 MP+5}
Stlth   +++++        o - ring of magical power
HPRegen 0.33/turn    p - ring of protection from cold
MPRegen 0.54/turn

%: guardian spirit, faith
@: about to teleport, frozen, wreathed by umbra, very slow
A: hooves 1, large bone plates 1, icemail 1, magic shield, magic regeneration,
magic link, condensation shield
a: Renounce Religion, Shadow Step, Shadow Form


You were on level 3 of the Lair of Beasts.
You worshipped Dithmenos.
Dithmenos was extremely pleased with you.
You visited 3 branches of the dungeon, and saw 13 of its levels.
You also visited: Ossuary and Bailey.

You collected 776 gold pieces.
You spent 36 gold pieces at shops.

Inventory:

Hand Weapons
 k - a +4 dagger of chaos (weapon)
Missiles
 K - 4 silver javelins
 O - a curare-tipped dart
Armour
 c - a +0 cloak (worn)
 e - a +0 helmet (worn)
 r - a +0 pair of gloves (worn)
 J - the +0 robe of Liurual (worn) {rPois Str+2}
   (You found it on level 9 of the Dungeon)

   Str:       It affects your strength (+2).
   rPois:     It protects you from poison.
Jewellery
 o - a ring of magical power (left hand)
 p - a ring of protection from cold (right hand)
 y - the Hermit's Pendant (around neck) {Faith Invo=14 Evo=0 MP+5}
   (You acquired it in a bailey)

   [amulet of faith]

   Invo=14: It sets your Invocations skill to 14.
   Evo=0: It sets your Evocations skill to 0.
   It allows you to gain divine favour quickly.
   MP:        It affects your magic capacity (+5).
 G - a ring of protection from fire
 H - a ring of flight
 M - an amulet of magic regeneration
Wands
 a - a wand of iceblast (4)
 L - a wand of charming (5)
Scrolls
 f - 4 scrolls of vulnerability
 g - 4 scrolls of fog
 i - 3 scrolls of noise
 j - 4 scrolls of poison
 l - a scroll of magic mapping {unknown}
 m - 6 scrolls of teleportation
 s - a scroll of torment
 u - 2 scrolls of amnesia
 C - a scroll of silence
 F - a scroll of enchant weapon {unknown}
 I - a scroll of immolation {unknown}
 N - a scroll of enchant armour {unknown}
 P - a scroll of identify
Potions
 b - 3 potions of heal wounds
 d - 2 potions of resistance
 h - 10 potions of curing
 n - 5 potions of haste
 q - 4 potions of invisibility {unknown}
 t - 5 potions of mutation
 v - 5 potions of attraction
 w - a potion of degeneration {unknown}
 x - 2 potions of lignification {unknown}
 z - a potion of berserk rage {unknown}
 B - a potion of ambrosia {unknown}
 D - a potion of magic
 E - a potion of might
Miscellaneous
 A - a box of beasts (inert)


   Skills:
 + Level 2.5 Fighting
 + Level 2.1 Short Blades
 + Level 3.5 Throwing
 + Level 5.1 Dodging
 + Level 5.4 Stealth
 + Level 3.1 Shields
 + Level 10.1 Spellcasting
 + Level 8.9 Conjurations
 + Level 0.4 Hexes
 + Level 0.8 Transmutations
 + Level 10.1 Earth Magic
 + Level 0.5(0.0) Evocations


You had 17 spell levels left.
You knew the following spells:

 Your Spells              Type           Power      Damage    Failure   Level
a - Sandblast             Erth           96%        2d20      1%          1
b - Stone Arrow           Conj/Erth      90%        3d12      1%          3
c - Passwall              Tmut/Erth      25%        N/A       1%          2
d - Petrify               Tmut/Erth      30%        N/A       8%          4
e - Leda's Liquefaction   Hex/Erth       14%        N/A       9%          4

Your spell library contained the following spells:

 Spells                   Type           Power      Damage    Failure   Level
 Static Discharge         Conj/Air       52%        2-5/arc   1%          2
 Beastly Appendage        Tmut           24%        N/A       5%          1
 Necrotise                Necr           36%        1d5       8%          1
 Wereblood                Tmut           12%        N/A       8%          2
 Ensorcelled Hibernation  Hex/Ice        20%        N/A       10%         2
 Spider Form              Tmut/Pois      11%        N/A       19%         3
 Portal Projectile        Hex/Tloc       20%        N/A       21%         3
 Call Canine Familiar     Summ           9%         N/A       22%         3
 Vampiric Draining        Necr           9%         2d6       22%         3
 Anguish                  Hex/Necr       5%         N/A       54%         4
 Airstrike                Air            4%         2d(1-17)  58%         4
 Summon Lightning Spire   Summ/Air       9%         N/A       58%         4
 Agony                    Necr           9%         N/A       90%         5


Dungeon Overview and Level Annotations

Branches:
Dungeon (9/15)             Temple (1/1) D:4            Lair (3/5) D:8
    Orc (0/2) D:9         Ossuary (visited)          Bailey (visited)
  Swamp: Lair:2-3    Shoals: Lair:2-3     Snake: Lair:2-3    Spider: Lair:2-3

Altars:
Ashenzari
Cheibriados
Dithmenos
Fedhas
Gozag
Hepliaklqana
Kikubaaqudgha
Makhleb
Nemelex Xobeh
Okawaru
Qazlal
Ru
Sif Muna
Trog
Uskayaw
Vehumet
Wu Jian
Xom
Yredelemnul

Shops:
D:1 (   D:2 !


Innate Abilities, Weirdness & Mutations

You have large cloven feet.
You are partially covered in large bone plates. (SH +4)
A meltable icy envelope protects you from harm. (AC +4)
When hurt, damage is shared between your health and your magic reserves.
You regenerate magic rapidly.
When low on magic, you restore magic in place of health.
A meltable shield of frost defends you. (SH +4)


Message History

The polar bear bites you but does no damage.
You block the polar bear's attack. x2; The rime drake misses you.
The stone arrow hits the polar bear!!
The polar bear is severely wounded.
The ice encasing you melts away. The rime drake closely misses you.
The polar bear bites you. You block the polar bear's attack.
The polar bear claws you.
You don't have enough magic to cast this spell.
You don't have enough magic to cast this spell.
You don't have enough magic to cast this spell.
You barely miss the polar bear. You kick the polar bear.
The polar bear is almost dead.
The rime drake breathes ice at you. You block the icy flash freeze.
The polar bear goes berserk!
The rime drake bites you but does no damage.
You barely miss the polar bear. You kick the polar bear.
The polar bear is almost dead.
Your shadow closely misses the polar bear.
The polar bear bites you! You block the polar bear's attack.
The polar bear claws you. The rime drake bites you. The polar bear bites you!!
* * * LOW HITPOINT WARNING * * *
The polar bear claws you.
* * * LOW HITPOINT WARNING * * *
The polar bear claws you but does no damage.
You feel much better. The polar bear bites you!
* * * LOW HITPOINT WARNING * * *
The polar bear claws you but does no damage.
The polar bear claws you.
* * * LOW HITPOINT WARNING * * *
The rime drake breathes ice at you. The icy flash freeze hits you!
You partially resist.
* * * LOW HITPOINT WARNING * * *
You are encased in ice.
As you read the scroll of teleportation, it crumbles to dust.
You feel strangely unstable. You block the polar bear's attack.
The polar bear completely misses you. The polar bear barely misses you.
The rime drake barely misses you. The polar bear bites you.
* * * LOW HITPOINT WARNING * * *
You block the polar bear's attack. The polar bear claws you.
You die...

.##....... ........# # #.....#.
#. #...⌠.. # ..#.....#.....# .
###.....#...[....#.##.
.##....#.....##.†...# ..#
##............#h@#+####.#
##.............k........##
.#P..................#...#### .#
#...........................##.##
.....................#...........
###†......................†...(..
###....................(.........
##.#......#...............P##P...
#####......................# ...


You could see a polar bear (berserk) and a rime drake (catching breath).

Vanquished Creatures
  Erica (D:9)
  4 two-headed ogres
  Urug (Lair:2)
  Pikel (D:8)
  A black mamba (Lair:2)
  7 cane toads
  A rime drake (Lair:1)
  Maggie (Lair:1)
  3 komodo dragons
  A polar bear (Lair:2)
  2 hornets
  4 blink frogs (Lair:2)
  Grinder (D:6)
  3 wyverns (Lair:2)
  14 yaks
  A basilisk (Lair:2)
  A steam dragon (D:8)
  Duvessa (D:6)
  11 water moccasins
  An acid dragon (D:9)
  2 black bears
  3 orc warriors
  2 ice beasts
  2 ogres
  4 centaurs
  3 lemures (D:8)
  Blork the orc (D:4)
  9 bullfrogs
  A gnoll sergeant (D:9)
  A scorpion (D:6)
  9 wights
  Dowan (D:6)
  2 killer bees (D:8)
  6 howler monkeys
  2 jellies
  7 orc priests
  4 hounds
  3 iguanas
  5 orc wizards
  2 hound zombies (Ossuary)
  4 mummies (Ossuary)
  10 gnolls (Bailey)
  7 adders
  A white imp (D:7)
  An ufetubus (D:7)
  An adder zombie (Ossuary)
  2 worms
  2 dart slugs (D:2)
  41 orcs
  12 bats
  13 endoplasms
  3 giant cockroaches
  A gnoll zombie (Ossuary)
  6 goblins
  7 hobgoblins
  4 jackals (D:1)
  9 kobolds
  5 quokkas
  6 ball pythons
  4 frilled lizards
  3 hobgoblin zombies (Ossuary)
  A jackal zombie (Ossuary)
  A kobold zombie (Ossuary)
  6 rats
  3 rat zombies (Ossuary)
282 creatures vanquished.

Vanquished Creatures (collateral kills)
  A yak (D:9)
  A water moccasin (Lair:2)
2 creatures vanquished.

Grand Total: 284 creatures vanquished

Notes
Turn   | Place    | Note
-------+----------+-------------------------------------------
     0 | D:1      | DemonSlayer the Demonspawn Earth Elementalist began the
                  | quest for the Orb.
     0 | D:1      | Reached XP level 1. HP: 13/13 MP: 3/3
   176 | D:1      | Gained mutation: You regenerate magic rapidly. [demonic
                  | ancestry]
   176 | D:1      | Reached XP level 2. HP: 19/19 MP: 3/5
   193 | D:1      | Found Onorauk's Antique Weapon Boutique.
   731 | D:1      | Gained mutation: When hurt, damage is shared between your
                  | health and your magic reserves. [demonic ancestry]
   731 | D:1      | Reached XP level 3. HP: 24/24 MP: 4/6
  1110 | D:2      | Learned a level 3 spell: Stone Arrow
  1113 | D:2      | Learned a level 2 spell: Passwall
  1131 | D:2      | Found Ykoysuas's Distillery.
  1167 | D:2      | Bought a potion of curing for 36 gold pieces
  1207 | D:2      | Found a basalt altar of Yredelemnul.
  1635 | D:2      | Gained mutation: You are partially covered in large bone
                  | plates. (SH +4) [demonic ancestry]
  1635 | D:2      | Reached XP level 4. HP: 26/30 MP: 0/8
  2855 | D:4      | Found a staircase to the Ecumenical Temple.
  2887 | Temple   | Entered the Ecumenical Temple
  2893 | Temple   | Became a worshipper of Dithmenos the Shadowed
  3196 | D:4      | Reached XP level 5. HP: 35/35 MP: 10/10
  3897 | D:4      | Noticed Blork the orc
  3904 | D:4      | Killed Blork the orc
  3905 | D:4      | Gained mutation: A meltable shield of frost defends you.
                  | (SH +4) [demonic ancestry]
  3905 | D:4      | Reached XP level 6. HP: 19/41 MP: 7/12
  4193 | D:4      | Learned a level 4 spell: Petrify
  4408 | D:5      | Entered Level 5 of the Dungeon
  4565 | D:5      | Reached skill level 5 in Earth Magic
  4767 | D:5      | Noticed an ice beast
  4782 | D:5      | Killed an ice beast
  4783 | D:5      | Reached XP level 7. HP: 33/47 MP: 2/14
  5037 | D:6      | Noticed Grinder
  5076 | D:6      | Noticed Duvessa
  5088 | D:6      | Killed Duvessa
  5088 | D:6      | Reached * piety under Dithmenos
  5089 | D:6      | Reached skill level 1 in Short Blades
  5093 | D:6      | Noticed Dowan
  5105 | D:6      | Killed Dowan
  5106 | D:6      | Reached skill level 5 in Spellcasting
  5349 | D:6      | Reached skill level 1 in Conjurations
  5416 | D:6      | Reached skill level 1 in Fighting
  5506 | D:6      | Killed Grinder
  5507 | D:6      | Reached skill level 1 in Throwing
  5507 | D:6      | Gained mutation: When low on magic, you restore magic in
                  | place of health. [demonic ancestry]
  5507 | D:6      | Reached XP level 8. HP: 52/54 MP: 15/16
  5583 | D:6      | Reached skill level 1 in Shields
  6042 | D:6      | Found a shimmering altar of Xom.
  6165 | D:6      | Learned a level 4 spell: Leda's Liquefaction
  6220 | D:7      | Found a sand-covered staircase.
  6233 | Ossuary  | Entered an ossuary
  6510 | D:7      | Gained mutation: You have large cloven feet. [demonic
                  | ancestry]
  6510 | D:7      | Reached XP level 9. HP: 58/59 MP: 13/19
  6603 | D:7      | Noticed a two-headed ogre
  6609 | D:7      | Killed a two-headed ogre
  6636 | D:7      | Reached ** piety under Dithmenos
  7214 | D:8      | Noticed Pikel
  7433 | D:8      | Found a flagged portal.
  7446 | Bailey   | Entered a bailey
  7884 | Bailey   | Acquired the Hermit's Pendant {Faith Invo=14 Evo=0 MP+5}
  7884 | Bailey   | Found the Hermit's Pendant {Faith Invo=14 Evo=0 MP+5}
  8037 | D:8      | Found a staircase to the Lair.
  8089 | D:8      | Reached *** piety under Dithmenos
  8551 | D:8      | Killed Pikel
  8552 | D:8      | Gained mutation: A meltable icy envelope protects you from
                  | harm. (AC +4) [demonic ancestry]
  8552 | D:8      | Reached XP level 10. HP: 63/67 MP: 19/21
  9033 | D:9      | Reached skill level 5 in Conjurations
  9144 | D:9      | Noticed a two-headed ogre
  9149 | D:9      | Killed a two-headed ogre
  9149 | D:9      | Reached **** piety under Dithmenos
  9242 | D:9      | Found a basalt altar of Yredelemnul.
  9396 | D:9      | Noticed a two-headed ogre
  9399 | D:9      | Noticed a two-headed ogre
  9425 | D:9      | Killed a two-headed ogre
  9426 | D:9      | Reached skill level 5 in Stealth
  9438 | D:9      | Killed a two-headed ogre
  9567 | D:9      | Identified the +0 robe of Liurual {rPois Str+2}
  9588 | D:9      | Reached XP level 11. HP: 72/72 MP: 23/23
  9930 | D:9      | Noticed Erica
  9935 | D:9      | Killed Erica
 10082 | D:9      | Found a staircase to the Orcish Mines.
 10178 | Lair:1   | Entered Level 1 of the Lair of Beasts
 10433 | Lair:1   | Identified the +1 quarterstaff "Gimiexal" {flame, Int+2}
 10622 | Lair:1   | Noticed Maggie
 10636 | Lair:1   | Killed Maggie
 10715 | Lair:1   | Reached ***** piety under Dithmenos
 11649 | Lair:2   | Noticed Urug
 11656 | Lair:2   | Killed Urug
 11657 | Lair:2   | Reached skill level 10 in Spellcasting
 11657 | Lair:2   | Reached XP level 12. HP: 80/80 MP: 26/26
 11695 | Lair:2   | Reached skill level 10 in Earth Magic
 12104 | Lair:3   | Reached skill level 5 in Dodging
 12239 | Lair:3   | HP: 2/80 [polar bear (3)]
 12239 | Lair:3   | Slain by a polar bear

Illustrated notes

Levels and vault maps discovered:
D:1:      onia_arrival_handbag, layout_loops_cross, serial_rivers,
          chequers_serial_rivers_room_a, chequers_serial_rivers_small_a,
          chequers_serial_rivers_small_3, chequers_serial_rivers_small_a,
          chequers_serial_rivers_room_b, chequers_serial_rivers_large_b,
          serial_shops, nicolae_shop_real_fake_doors, minmay_misc_feat_tiny,
          minmay_heptomino_w4
D:2:      layout_basic, serial_shops, nicolae_shop_industrial_runoff,
          basic_altar, minmay_misc_feat_ornament, minmay_circled_x
D:3:      layout_loops_cross, minmay_misc_feat_enclosed, minivault_26
D:4:      layout_cave_pods, temple_pool_b, nicolae_underground_beach,
          uniq_blork_the_orc
D:5:      layout_rooms
D:6:      layout_rooms, xom_butterflies, tso_oasis_becter,
          minmay_misc_feat_columns, uniq_grinder, uniq_duvessa
D:7:      layout_rooms, zin_academy, nicolae_ossuary_entry_monument,
          roderic_batcave
D:8:      layout_loops_corners, lair_entry_dummy, enter_bailey_2, uniq_pikel
D:9:      layout_loops_ring, yredelemnul_altar_generic, hiddenorc1_lemuel,
          minmay_starry_boxes, uniq_erica
Temple:   nicolae_temple_bog_church
Lair:1:   layout_small_grid, minivault_26, infiniplex_staircase_pool_2,
          uniq_maggie
Lair:2:   layout_chaotic_city, uniq_urug
Lair:3:   layout_gridlike, nicolae_shoals_entry_roost,
          guppyfry_snake_entry_island, chequers_serial_rivers_marsh,
          pdpol_lair_cavern_descent, grunt_megastairs_1, uniq_amaemon

Skill      XL: |  1  2  3  4  5  6  7  8  9 10 11 12 |
---------------+-------------------------------------+-----
Earth Magic    | 3 4 5 6 7 8 9 10 | 10.1
Spellcasting   | 3 4 5 6 7 8 10 | 10.1
Stealth        | 2 3 4 5 |  5.4
Dodging        | 2 3 4 5 |  5.1
Short Blades   | 1 2 |  2.1
Conjurations   | 1 3 4 6 8 |  8.9
Fighting       | 1 2 |  2.5
Throwing       | 1 2 3 |  3.5
Shields        | 1 2 3 |  3.1
Hexes          | |  0.4
Transmutations | |  0.8
Evocations     | |  0.5

Action                     |  1- 3 |  4- 6 |  7- 9 | 10-12 || total
---------------------------+-------+-------+-------+-------++-------
  Melee: Unarmed           |     1 |       |       |       ||     1
         Dagger            |     9 |    14 |    50 |    37 ||   110
         Kick              |       |       |     7 |    16 ||    23
         Punch             |       |       |     1 |       ||     1
  Throw: Javelin           |       |     2 |     5 |     8 ||    15
         Dart              |       |     2 |    16 |     3 ||    21
   Cast: Sandblast         |    65 |    91 |    38 |       ||   194
         Stone Arrow       |       |     4 |   110 |   195 ||   309
         Leda's Liquefacti |       |       |       |     1 ||     1
  Evoke: Box of beasts     |       |       |     1 |     2 ||     3
         Wand              |       |       |       |     1 ||     1
    Use: Potion            |     1 |     1 |     6 |     5 ||    13
         Scroll            |     2 |     3 |    14 |     2 ||    21
   Stab: Sleeping          |     4 |     6 |    14 |     7 ||    31
 Armour: Robe              |    17 |     9 |    44 |    26 ||    96
  Dodge: Dodged            |    28 |    31 |   106 |    72 ||   237
  Block: Other             |       |    12 |    65 |    62 ||   139
